 Dungeon Crawl Stone Soup version 0.19-a0-680-gdf79c29 (webtiles) character file.

82 Laan the Conjurer (level 4, 0/30 HPs)
             Began as a Mummy Wizard on June 17, 2016.
             Slain by Ijyb (3 damage)
             ... on level 1 of the Dungeon.
             The game lasted 00:05:19 (2483 turns).

Laan the Conjurer (Mummy Wizard)                    Turns: 2483, Time: 00:05:20

Health: 0/30       AC:  2    Str: 10    XL:     4   Next: 21%
Magic:  1/8        EV: 12    Int: 18    God:
Gold:   95         SH:  0    Dex: 10    Spells: 3 memorised, 2 levels left

rFire  x . .     SeeInvis .     f - +0 dagger
rCold  + . .     Gourm    .     a - +0 robe
rNeg   + + +     Faith    .     (no shield)
rPois  ∞         Spirit   .     b - +0 hat
rElec  .         Dismiss  .     (no cloak)
rCorr  .         Reflect  .     (no gloves)
SustAt .         Harm     .     (no boots)
MR     .....                    (no amulet)
Stlth  ++........               (no ring)
                                (no ring)

@: not resistant to hostile enchantments, unstealthy
A: no food or potions, fire vulnerability, cold resistance 1, negative energy
resistance 3, torment resistance, unbreathing
a: no special abilities


You were on level 1 of the Dungeon.
You were not hungry.

You visited 1 branch of the dungeon, and saw 2 of its levels.

You collected 95 gold pieces.

Inventory:

Hand Weapons
 f - a +0 dagger (weapon)
Armour
 a - a +0 robe (worn)
 b - a +0 hat (worn)
Scrolls
 d - a scroll of amnesia {unknown}
 e - 4 scrolls of recharging {unknown}
 g - 2 scrolls of blinking {unknown}
 h - 3 scrolls of identify {unknown}
 i - 2 scrolls of immolation {unknown}
 j - a scroll of magic mapping {unknown}
 k - a scroll of enchant weapon {unknown}
Books
 c - a book of Minor Magic

   Spells                             Type                      Level
   a - Magic Dart                     Conjuration                  1
   b - Blink                          Translocation                2
   c - Call Imp                       Summoning                    2
   d - Repel Missiles                 Charms/Air                   2
   e - Slow                           Hexes                        2
   f - Conjure Flame                  Conjuration/Fire             3
   g - Mephitic Cloud                 Conjuration/Poison/Air       3


   Skills:
 - Level 1.5 Dodging
 - Level 1.5 Stealth
 - Level 3.0 Spellcasting
 + Level 3.3 Conjurations
   Level 0.7 Summonings
   Level 0.7 Translocations


You had 2 spell levels left.
You knew the following spells:

 Your Spells              Type           Power        Failure   Level  Hunger
a - Magic Dart            Conj           ##..         4%          1    N/A
b - Conjure Flame         Conj/Fire      #.......     30%         3    N/A
c - Mephitic Cloud        Conj/Pois/Air  #.......     34%         3    N/A

Dungeon Overview and Level Annotations

Branches:
Dungeon (2/15)

Altars:
Okawaru

Annotations:
D:1 Ijyb


Innate Abilities, Weirdness & Mutations

You do not eat or drink.
Your flesh is vulnerable to fire.
You are immune to poison.
Your flesh is cold resistant. (rC+)
You are immune to negative energy. (rN+++)
You are immune to unholy pain and torment.
You can survive without breathing.


Message History

Ijyb hits you.
* * * LOW HITPOINT WARNING * * *
You hit Ijyb.
Ijyb is severely wounded.
Ijyb hits you.
* * * LOW HITPOINT WARNING * * *
You hit Ijyb but do no damage.
Ijyb is severely wounded.
Ijyb closely misses you.
You closely miss Ijyb.
Ijyb is severely wounded.
Ijyb barely misses you.
You hit Ijyb but do no damage.
Ijyb is severely wounded.
Ijyb hits you.
* * * LOW HITPOINT WARNING * * *
You hit Ijyb but do no damage.
Ijyb is severely wounded.
Ijyb hits you.
You die...

##.....## #..).# #.
##...#...## #.(###### #####.
##...###...## #.......#
##(.... #...........#
#.#####.# #......
#..#.).).#..# #.# #.# #..####
#.##.._..##.## #.# #.# #..#
#..#.).).#...# #.# #.# #..# ##
#............###.#####.# #..#
#.
##...###.......g@......####..#
#.
##..)#...########...........#
#. ##.....## ###...#####.# #.
#####.# #.#.# #.# #. #.#
#.#.#####)###. #.#####
#.#...!....... #)....#
#.#######.###. #####.# #.# #.#
#. #.# #.# #.# #.


You could see Ijyb.

Vanquished Creatures
  A gnoll (D:1)
  2 oozes (D:1)
  A worm (D:2)
  2 dart slugs
  3 giant geckos
  5 bats
  A giant cockroach (D:1)
  5 hobgoblins
  6 jackals
  2 ball pythons
  2 giant newts
  10 goblins
  6 kobolds
  4 rats
50 creatures vanquished.

Notes
Turn   | Place    | Note
--------------------------------------------------------------
     0 | D:1      | Laan the Mummy Wizard began the quest for the Orb.
     0 | D:1      | Reached XP level 1. HP: 13/13 MP: 4/4
     6 | D:1      | Reached skill level 1 in Conjurations
   213 | D:1      | Reached XP level 2. HP: 19/19 MP: 4/6
   868 | D:1      | Reached XP level 3. HP: 24/24 MP: 3/7
  1481 | D:1      | Found an iron altar of Okawaru.
  2084 | D:2      | Reached XP level 4. HP: 30/30 MP: 5/8
  2356 | D:2      | Noticed Ijyb
  2424 | D:1      | Learned a level 3 spell: Conjure Flame
  2428 | D:1      | Learned a level 3 spell: Mephitic Cloud
  2483 | D:1      | Slain by Ijyb

Vault maps used:
D:1:      erik_arrival_gehennom, okawaru_ov_weapons_minmay
D:2:      uniq_iyjb

Skill      XL: |  1  2  3 |
---------------+----------+-----
Conjurations   | 1 2 3 |  3.3
Dodging        | |  1.5
Stealth        | |  1.5
Spellcasting   | |  3.0
Summonings     | |  0.7
Translocations | |  0.7

Action                   |  1- 3 |  4- 6 || total
-------------------------+-------+-------++-------
Melee: Unarmed           |    14 |       ||    14
       Dagger            |    54 |    57 ||   111
 Cast: Magic Dart        |    82 |    35 ||   117
Armor: Robe              |    17 |    14 ||    31
Dodge: Dodged            |    88 |    54 ||   142
